 Dungeon Crawl Stone Soup version 0.31-a0-117-g42d8f58691 (webtiles) character file.

Game seed: 9712732893078436806

630 NoAnimeNoLife the Covert (level 7, -2/40 HPs)
             Began as a Kobold Brigand on May 30, 2023.
             Slain by Pikel
             ... wielding a +2 whip of flaming
              (10 damage)
             ... on level 4 of the Dungeon.
             The game lasted 00:03:49 (3487 turns).

NoAnimeNoLife the Covert (Kobold Brigand)           Turns: 3487, Time: 00:03:50

Health: -2/40      AC:  8    Str:  8    XL:     7   Next: 77%
Magic:  7/7        EV: 20    Int: 13    God:
Gold:   272        SH:  0    Dex: 24    Spells: 6/6 levels left

rFire   . . .        a - +2 dagger
rCold   . . .        (no shield)
rNeg    . . .        w - +1 ring mail {rPois}
rPois   +            (no helmet)
rElec   .            c - +0 cloak
rCorr   .            j - +0 pair of gloves
SInv    .            (no boots)
Will    .....        (no amulet)
Stlth   +++++        f - +6 ring of dexterity
HPRegen 0.26/turn    m - +5 ring of evasion
MPRegen 0.10/turn

%: no passive effects
@: no status effects
A: small, no large weapons, nightstalker 3, teleportitis 1
a: no special abilities


You were on level 4 of the Dungeon.
You visited 1 branch of the dungeon, and saw 4 of its levels.

You collected 272 gold pieces.

Inventory:

Hand Weapons
 a - a +2 dagger (weapon)
Missiles
 d - 12 poisoned darts (quivered)
Armour
 b - a +0 robe
 c - a +0 cloak (worn)
 j - a +0 pair of gloves (worn)
 n - a +0 ring mail of fire resistance
 w - a +1 ring mail of poison resistance (worn)
Jewellery
 f - a +6 ring of dexterity (left hand)
 i - a ring of flight
 m - a +5 ring of evasion (right hand)
 p - an amulet of magic regeneration
 q - a ring of ice
Wands
 u - a wand of flame (18)
Scrolls
 g - 4 scrolls of teleportation
 l - a scroll of amnesia
Potions
 k - 2 potions of enlightenment
 o - 2 potions of degeneration {unknown}
 r - a potion of attraction {unknown}
 v - 3 potions of curing {unknown}


   Skills:
 - Level 2.1 Fighting
 + Level 6.5 Short Blades
 - Level 2.1 Throwing
 + Level 5.3 Dodging
 + Level 8.4 Stealth


You had 6 spell levels left.
You didn't know any spells.
Your spell library contained the following spells:

 Spells                   Type           Power      Damage    Failure   Level
 Summon Small Mammal      Summ           0%         N/A       67%         1
 Call Canine Familiar     Summ           0%         N/A       96%         3
 Inner Flame              Hex/Fire       0%         N/A       96%         3
 Summon Guardian Golem    Hex/Summ       0%         N/A       96%         3
 Summon Forest            Summ/Tloc      0%         N/A       100%        5
 Yara's Violent Unravell  Hex/Tmut       0%         3d3       100%        5
 Eringya's Noxious Bog    Tmut/Pois      0%         N/A       100%        6
 Enfeeble                 Hex            0%         N/A       100%        7
 Summon Hydra             Summ           0%         N/A       100%        7


Dungeon Overview and Level Annotations

Branches:
Dungeon (4/15)
 Temple: D:4-7

Altars:

Annotations:
D:4 Pikel


Innate Abilities, Weirdness & Mutations

You are small and have problems with some larger weapons.
You are completely attuned to the shadows.
You are occasionally teleported next to monsters.


Message History

Throw: 2 darts (curare)
Press: ? - help, Q - select action, (/) - cycle Shift-Dir - straight line, f/p - Pikel
Aim: Pikel, wielding a +2 whip of flaming and wearing a +0 robe (lightly wounded, poisoned, 60% to hit)
You throw a curare-tipped dart. The curare-tipped dart hits Pikel.
Pikel looks even sicker.
Pikel convulses.
Pikel seems to slow down.
Pikel is moderately wounded.
Pikel hits you but does no damage.
You hit Pikel.
Pikel is heavily wounded.
You hit Pikel.
Pikel is severely wounded.
Pikel hits you with a +2 whip of flaming.
Pikel burns you.
You hit Pikel but do no damage. Your punch misses Pikel.
Pikel is severely wounded.
Throw: dart (curare)
Press: ? - help, Q - select action, (/) - cycle Shift-Dir - straight line, f/p - Pikel
Aim: Pikel, wielding a +2 whip of flaming and wearing a +0 robe (severely wounded, very poisoned, slow, 60% to hit)
You throw a curare-tipped dart.
The curare-tipped dart barely misses Pikel.
The curare-tipped dart hits the lemure.
The lemure is poisoned.
The lemure convulses.
The lemure seems to slow down.
The lemure is heavily wounded.
Pikel hits you with a +2 whip of flaming!
Pikel burns you.
* * * LOW HITPOINT WARNING * * *
You closely miss Pikel.
Pikel is severely wounded.
You hit Pikel but do no damage.
Pikel is severely wounded.
Throw: 13 darts (poison)
Press: ? - help, Q - select action, (/) - cycle Shift-Dir - straight line, f/p - Pikel
Aim: Pikel, wielding a +2 whip of flaming and wearing a +0 robe (severely wounded, very poisoned, slow, 60% to hit)
You throw a poisoned dart. The poisoned dart hits Pikel.
Pikel looks even sicker.
Pikel is severely wounded.
Pikel hits you with a +2 whip of flaming!
You die...

####...###....## ##..##..
#..............###...###.
#.........<.....)....#..#
#.................####...
####...########.###..#...
#.5.# ##..)...#... #5.5#
#....)#.#... ##.######
#.#.....#### #55K@..#
#.#....# ######.#
#.#...#. #.###.#.##.
#.....# #######


You could see Pikel (very poisoned, slow) and 2 lemures.

Vanquished Creatures
  Edmund (D:4)
  5 wights (D:4)
  Robin (D:3)
  4 gnolls (D:2)
  7 adders
  7 worms
  2 dart slugs
  14 orcs
  6 endoplasms
  A giant cockroach (D:2)
  13 goblins
  9 hobgoblins
  5 jackals
  8 kobolds
  2 quokkas
  10 ball pythons
  3 bats
  4 frilled lizards
  5 rats
107 creatures vanquished.

Notes
Turn   | Place    | Note
-------+----------+-------------------------------------------
     0 | D:1      | NoAnimeNoLife the Kobold Brigand began the quest for the
                  | Orb.
     0 | D:1      | Reached XP level 1. HP: 12/12 MP: 1/1
   178 | D:1      | Reached XP level 2. HP: 17/17 MP: 2/2
   338 | D:1      | Reached XP level 3. HP: 21/21 MP: 3/3
  1061 | D:2      | Reached skill level 6 in Stealth
  1062 | D:2      | Reached XP level 4. HP: 26/26 MP: 4/4
  1231 | D:2      | Identified the +6 trident "Wargh" {venom, *Rage rElec
                  | Str+4}
  1257 | D:2      | Reached XP level 5. HP: 27/30 MP: 5/5
  2275 | D:3      | Gained mutation: You are occasionally teleported next to
                  | monsters. [potion of mutation]
  2331 | D:3      | Reached XP level 6. HP: 31/35 MP: 6/6
  2335 | D:3      | Reached skill level 7 in Stealth
  2506 | D:3      | Reached skill level 5 in Short Blades
  2568 | D:3      | Noticed Robin
  2580 | D:3      | Killed Robin
  3068 | D:4      | Noticed Edmund
  3072 | D:4      | Killed Edmund
  3234 | D:4      | Reached XP level 7. HP: 40/40 MP: 7/7
  3255 | D:4      | Reached skill level 8 in Stealth
  3282 | D:4      | Reached skill level 5 in Dodging
  3445 | D:4      | Noticed Pikel
  3487 | D:4      | Slain by Pikel

Illustrated notes

Levels and vault maps discovered:
D:1:      wander_arrival_abandoned_jail, layout_loops_ring,
          minmay_gold_behind_fungi, minmay_small_reverse_x
D:2:      wander_river, layout_basic, kennysheep_nondescript,
          minmay_joined_circles
D:3:      layout_basic, serial_bayou_pond_b, uniq_robin
D:4:      layout_loops_cross, minitemple, minmay_misc_feat_more_columns,
          hangedman_abyss_or_decor_jellyfish_corner, uniq_pikel, uniq_edmund,
          uniq_grinder

Skill      XL: |  1  2  3  4  5  6  7 |
---------------+----------------------+-----
Short Blades   | 3 4 5 6 |  6.5
Dodging        | 2 3 4 5 |  5.3
Stealth        | 6 7 8 |  8.4
Fighting       | |  2.1
Throwing       | |  2.1

Action                     |  1- 3 |  4- 6 |  7- 9 || total
---------------------------+-------+-------+-------++-------
  Melee: Dagger            |    45 |   222 |    83 ||   350
         Punch             |       |     4 |     1 ||     5
  Throw: Dart              |       |     1 |     4 ||     5
  Evoke: Wand              |       |       |     5 ||     5
    Use: Scroll            |       |     7 |       ||     7
         Potion            |       |     2 |     1 ||     3
   Stab: Sleeping          |    15 |    26 |     3 ||    44
         Distracted        |       |     1 |       ||     1
 Armour: Robe              |     2 |    15 |       ||    17
         Ring mail         |       |    29 |    14 ||    43
  Dodge: Dodged            |    13 |   224 |    45 ||   282

Table legend: (Time is in decaauts)
 A = Elapsed time spent in this place.
 B = Non-inter-level travel time spent in this place.
 C = Inter-level travel time spent in this place.
 D = Time resting spent in this place.
 E = Time spent auto-exploring this place.
 F = Levels seen in this place.
 G = Mean time per level.
                   A        B        C        D        E       F      G
               +--------+--------+--------+--------+--------+-----+--------+
         Total |   3439 |   3199 |    240 |     43 |   2449 |   4 |  859.8 |
       Dungeon |   3439 |   3199 |    240 |     43 |   2449 |   4 |  859.8 |
               +--------+--------+--------+--------+--------+-----+--------+

Top non-repeatable levels by time:
     D:3: 1148 daAuts
     D:2: 968 daAuts
     D:1: 862 daAuts
     D:4: 460 daAuts
